Match 47418432
Unlisted

Match 47418432
End
Royal Engineer Section
Selects Australian Defense Battlegroup
Vickers Machine Gun Team
Selects Australian Light Infantry Section
Construct Section Command Post
Infantry Section
Infantry Section
Construct Platoon Command Post
CMP 15cwt Truck
Construct Field Infirmary
Selects CMP 15cwt Supply Run
CMP 15cwt Supply Run
Australian Light Infantry Section
Selects Reinforced Resource Caches
Construct Company Command Post
CMP 15cwt Supply Run
Armored Vehicle Training
Crusader II Medium Tank
Crusader II Medium Tank
CMP 15cwt Supply Run
Selects Defensive Tactics
Selects Charged Creeping Barrage
CMP 15cwt Supply Run
Charged Creeping Barrage
Matilda II Heavy Tank
Selects Vehicle Over Repair
Matilda II Heavy Tank
Charged Creeping Barrage
Matilda II Heavy Tank
Unlock M3 Grant Medium Tanks
Royal Engineer Section
Door
오렌지플래닛
Peaky Blinders
Gengeol
Depthz
Serika
Final_Ant
Sobieski
0
0

Comments sign in to comment!

No comments posted yet!